Map: Bridgehead LE (Void)

Players

Seigifried

  • Race: Protoss Protoss
  • League: Platinum

FireZerg - Winner!

  • Race: Zerg Zerg
  • League: Master

Event: Lycan League Weekly August #1

VOD

Have the link to the VOD?

Description

Time

  • Played on: Aug. 3, 2015, 12:30 p.m.
  • Length: 11:01

All games in this series

Show
View Real Time Build Order
Export as new Build Order

Seigifried Protoss 

Build Orders:  

Get SALT Encoding   

  12  0:02  Probe  
  13  0:20  Probe, Pylon  
  14  0:29  Assimilator  
  14  0:38  Probe (Chrono Boost)  
  15  0:42  Gateway  
  16  0:50  Probe (Chrono Boost)  
  16  0:53  Assimilator  
  16  0:58  Probe (Chrono Boost)  
  17  1:10  Probe  
  18  1:13  Pylon  
  18  1:22  Probe (Chrono Boost)  
  19  1:32  Probe (Chrono Boost)  
  20  1:33  Cybernetics Core  
  20  2:08  Nexus  
  20  2:09  Mothership Core (Chrono Boost)  
  20  2:11  Warp Gate (Chrono Boost)  
  22  2:26  Adept (Chrono Boost), Pylon  
  24  2:45  Gateway  
  24  2:49  Gateway  
  24  2:56  Sentry  
  26  3:01  Probe  
  27  3:09  Forge  
  27  3:13  Probe  
  28  3:46  Probe  
  29  3:49  Photon Cannon  
  26  4:06  Probe  
  27  4:12  Stargate x2  
  27  4:15  Sentry  
  29  4:17  Adept  
  29  4:18  Adept  
  29  4:20  Probe  
  29  4:23  Pylon  
  34  4:30  Photon Cannon  
  34  4:46  Adept  
  34  4:47  Adept x2  
  38  4:59  Oracle (Chrono Boost)  
  37  5:15  Zealot  
  37  5:16  Zealot x2  
  41  5:37  Zealot  
  41  5:38  Zealot x2  
  45  5:46  Photon Cannon  
  45  5:50  Pylon  
  45  6:08  Void Ray (Chrono Boost)  
  49  6:20  Void Ray (Chrono Boost)  
  53  6:46  Nexus  
  53  6:50  Pylon  
  53  6:56  Pylon  
  53  7:08  Void Ray (Chrono Boost)  
  56  7:12  Adept  
  56  7:13  Adept x2  
  60  7:32  Void Ray (Chrono Boost)  
  62  7:58  Probe  
  63  8:07  Oracle  
  63  8:11  Probe x2  
  68  8:24  Pylon  
  68  8:27  Probe (Chrono Boost)  
  68  8:30  Probe (Chrono Boost)  
  70  8:39  Probe (Chrono Boost)  
  72  8:42  Probe (Chrono Boost)  
  72  8:48  Probe (Chrono Boost)  
  73  8:49  Probe (Chrono Boost)  
  74  9:01  Void Ray  
  78  9:09  Photon Cannon  
  78  9:15  Pylon  
  78  9:20  Sentry x2  
  82  9:26  Adept  
  84  9:36  Gateway  
  84  9:40  Gateway  
  84  9:51  Adept x2  
  84  9:52  Sentry  
  90  9:57  Pylon  
  90  10:11  Adept  
  92  10:25  Pylon  
  62  10:43  Adept  
  62  10:44  Adept x2  
Show
View Real Time Build Order
Export as new Build Order

FireZerg Zerg - Winner!

Build Orders: Hatch First 

Get SALT Encoding   

  12  0:01  Drone  
  13  0:12  Overlord  
  13  0:17  Drone  
  14  0:30  Drone x2  
  14  0:35  Drone  
  17  0:57  Hatchery  
  17  0:58  Drone  
  17  1:04  Drone  
  18  1:15  Extractor  
  18  1:18  Spawning Pool  
  16  1:19  Drone  
  16  1:22  Drone  
  18  1:28  Drone  
  19  1:41  Drone  
  20  1:50  Hatchery  
  20  1:53  Drone  
  20  2:01  Overlord  
  20  2:10  Queen  
  22  2:17  Metabolic Boost  
  22  2:22  Drone  
  23  2:23  Drone  
  23  2:26  Drone  
  25  2:34  Zergling x6  
  28  2:42  Zergling x2  
  29  2:44  Zergling x2  
  29  2:47  Queen  
  32  2:52  Overlord  
  32  2:54  Zergling x2  
  33  3:02  Queen  
  33  3:04  Zergling x2  
  36  3:07  Zergling x4  
  38  3:13  Zergling x2  
  38  3:16  Zergling x2  
  38  3:19  Zergling x6  
  43  3:23  Zergling x2  
  43  3:25  Zergling x2  
  43  3:26  Zergling x2  
  45  3:32  Zergling x4  
  47  3:38  Queen  
  49  3:57  Zergling x2  
  49  3:58  Overlord x2  
  47  4:06  Overlord x2  
  47  4:08  Overlord  
  45  4:17  Roach Warren  
  45  4:18  Queen  
  46  4:28  Zergling x6  
  48  4:46  Zergling x2  
  48  4:50  Drone x11  
  55  5:00  Queen  
  50  5:20  Drone x10  
  59  5:26  Zergling x2  
  59  5:27  Zergling x4  
  57  5:35  Lair  
  57  5:36  Drone  
  57  5:39  Extractor  
  57  5:40  Extractor  
  57  5:42  Extractor  
  55  5:45  Queen  
  57  5:54  Zergling x2  
  57  5:55  Zergling x2  
  58  6:01  Roach  
  50  6:21  Drone  
  50  6:22  Drone x2  
  50  6:24  Zergling x2  
  50  6:25  Zergling x14  
  59  6:29  Hatchery  
  56  6:35  Evolution Chamber, Pneumatized Carapace  
  56  6:36  Overlord x2  
  55  6:48  Roach x2  
  55  6:53  Hydralisk Den  
  58  7:01  Overlord x2  
  58  7:02  Overlord, Queen  
  60  7:10  Ravager x2  
  60  7:18  Queen  
  55  7:24  Hydralisk  
  55  7:25  Hydralisk x4  
  65  7:38  Queen  
  65  7:43  Spore Crawler  
  66  7:44  Spore Crawler, Drone  
  66  7:48  Drone x8  
  73  8:08  Muscular Augments  
  73  8:09  Zerg Missile Weapons Level 1  
  70  8:17  Glial Reconstitution  
  70  8:18  Hydralisk  
  70  8:19  Hydralisk x2  
  80  8:25  Hydralisk x2  
  78  8:30  Hydralisk  
  78  8:33  Drone  
  81  8:35  Drone  
  81  8:36  Overlord x2  
  82  8:46  Hydralisk x3  
  88  8:52  Hydralisk x2  
  88  8:54  Zergling x2  
  88  8:55  Zergling x24  
  105  9:04  Roach  
  105  9:05  Roach  
  109  9:12  Spore Crawler  
  109  9:16  Roach x6  
  109  9:17  Roach  
  122  9:18  Hydralisk  
  122  9:23  Drone x3  
  127  9:25  Drone  
  127  9:27  Drone x2  
  130  9:38  Overlord x2  
  130  9:39  Overlord x2  
  130  9:56  Extractor  
  130  9:58  Drone x9  
  138  10:00  Extractor  
  138  10:03  Hydralisk x4  
  145  10:15  Ravager x3  
  148  10:24  Hydralisk x3  

Tags
 
Add a new tag
Caveats
  • Supply blocks, unpowered buildings, or Contaminate may cause inaccurate times.
  • Supply counts are checked every 10 seconds.